 Dungeon Crawl Stone Soup version 0.18.1-1-g2f07953 (webtiles) character file.

936 George the Carver (level 7, -1/57 HPs)
             Began as a Minotaur Fighter on May 6, 2016.
             Was an Initiate of the Shining One.
             Killed by nerve-wracking pain
             ... invoked by Grinder
              (9 damage)
             ... on level 5 of the Dungeon.
             The game lasted 00:06:29 (4014 turns).

George the Carver (Minotaur Fighter)                Turns: 4014, Time: 00:06:30

Health: -1/57      AC:  9    Str: 22    XL:     7   Next: 87%
Magic:  6/6        EV:  8    Int:  5    God:    the Shining One [......]
Gold:   228        SH:  9    Dex: 10    Spells: 0 memorised, 6 levels left

rFire  . . .     SeeInvis .     z - +3 scimitar (curse)
rCold  . . .     Gourm    .     D - +0 chain mail
rNeg   . . .     Faith    .     c - +0 shield
rPois  .         Spirit   .     (helmet restricted)
rElec  .         Dismiss  .     (no cloak)
rCorr  .         Reflect  .     (no gloves)
SustAt +         Harm     .     (no boots)
MR     .....                    (no amulet)
Stlth  ..........               p - +3 ring of evasion
                                m - ring of sustain attributes (curse)

@: glowing, not resistant to hostile enchantments, extremely unstealthy
A: retaliatory headbutt, horns 2
a: Renounce Religion


You were on level 5 of the Dungeon.
You worshipped the Shining One.
The Shining One was noncommittal.
You were not hungry.

You visited 1 branch of the dungeon, and saw 5 of its levels.

You collected 228 gold pieces.

Inventory:

Hand Weapons
 z - a cursed +3 scimitar (weapon)
Armour
 c - a +0 shield (worn)
 D - a +0 chain mail (worn)
Jewellery
 m - a cursed ring of sustain attributes (left hand)
 p - a +3 ring of evasion (right hand)
 H - an uncursed ring of protection from cold
Wands
 F - a wand of lightning (0/15)
Scrolls
 i - 3 scrolls of identify {unknown}
 j - 2 scrolls of fog {unknown}
 l - 5 scrolls of remove curse {unknown}
 n - a scroll of recharging {unknown}
 r - a scroll of immolation {unknown}
 u - a scroll of enchant armour {unknown}
 w - 2 scrolls of enchant weapon {unknown}
 y - 2 scrolls of teleportation {unknown}
 B - a scroll of fear {unknown}
 I - a scroll of amnesia {unknown}
 K - a scroll of noise {unknown}
Potions
 d - a potion of might
 g - 3 potions of flight {unknown}
 h - 2 potions of heal wounds {unknown}
 o - 2 potions of lignification {unknown}
 q - 2 potions of mutation {unknown}
 t - 2 potions of curing {unknown}
 A - a potion of cancellation {unknown}
 E - a potion of haste {unknown}
 J - a potion of invisibility {unknown}
Comestibles
 f - 4 bread rations
 k - 2 slices of pizza
 s - 5 meat rations
 v - 9 fruits


   Skills:
 + Level 3.6 Fighting
 + Level 10.9 Long Blades
 + Level 3.6 Armour
 + Level 3.6 Shields
 + Level 0.0 Invocations


You had 6 spell levels left.
You didn't know any spells.

Dungeon Overview and Level Annotations

Branches:
Dungeon (5/15)
 Temple: D:4-7

Altars:
Cheibriados
Dithmenos
Elyvilon
Fedhas
Gozag
Makhleb
Pakellas
Qazlal
Sif Muna
Vehumet
Xom
Yredelemnul
The Shining One

Annotations:
D:5 Grinder


Innate Abilities, Weirdness & Mutations

You reflexively headbutt those who attack you in melee.
You have a pair of horns on your head.


Message History

Grinder blinks!
The crimson imp blinks!
Grinder gestures at you. Pain shoots through your body!
* * * LOW HITPOINT WARNING * * *
You see here a giant gecko skeleton.
You hit Grinder but do no damage.
Grinder is severely wounded.
The crimson imp blinks!
Grinder blinks!
Evoke which item? (* to show all) (? for menu, Esc to quit)
Okay, then.
You block the crimson imp's attack.
You barely miss the crimson imp.
The crimson imp hits you but does no damage.
You slash the crimson imp! Your headbutt misses the crimson imp.
The crimson imp is severely wounded.
The crimson imp hits you but does no damage.
Grinder gestures at you. Pain shoots through your body!
You die...

.≈≈≈≈ ≈≈ ♣♣ .≈
≈≈≈ .≈ .≈≈≈ ≈≈
≈≈≈≈. ≈≈
♣≈...#### .≈
♣≈≈..5@.# ≈
♣≈.≈♣♣♣≈≈..##.#
≈≈≈≈≈≈≈≈≈. #.#
..≈..≈≈≈≈## #5#
#........# #÷#
#).....#.# #.#
#.....#.# #.#
#..#.##.###.#
#..§.§......#


You could see Grinder and a crimson imp.

Vanquished Creatures
  A hippogriff (D:3)
  An ice beast (D:5)
  An ogre (D:4)
  5 wights (D:3)
  2 howler monkeys (D:4)
  2 orc priests
  A giant frog skeleton (D:4)
  A centaur skeleton (D:4)
  An iguana (D:4)
  A hound skeleton (D:4)
  8 adders
  2 shadow imps (D:5)
  A worm (D:3)
  A dart slug (D:2)
  7 giant geckos
  11 orcs
  6 giant cockroaches
  9 hobgoblins
  4 jackals
  3 bats
  3 giant newts
  7 goblins
  A jackal skeleton (D:4)
  9 kobolds
  7 rats
95 creatures vanquished.

Notes
Turn   | Place    | Note
--------------------------------------------------------------
     0 | D:1      | George the Minotaur Fighter began the quest for the Orb.
     0 | D:1      | Reached XP level 1. HP: 19/19 MP: 0/0
    60 | D:1      | Reached skill level 3 in Long Blades
    85 | D:1      | Reached XP level 2. HP: 26/26 MP: 1/1
   783 | D:2      | Reached skill level 4 in Long Blades
   783 | D:2      | Reached XP level 3. HP: 31/31 MP: 2/2
  1151 | D:2      | Found a radiant altar of Vehumet.
  1152 | D:2      | Found a burning altar of Makhleb.
  1206 | D:2      | Reached skill level 5 in Long Blades
  1267 | D:2      | Reached XP level 4. HP: 21/39 MP: 3/3
  1794 | D:3      | Reached skill level 6 in Long Blades
  1801 | D:3      | Reached XP level 5. HP: 27/45 MP: 4/4
  1805 | D:3      | Reached skill level 7 in Long Blades
  1808 | D:3      | Reached XP level 6. HP: 30/51 MP: 5/5
  1958 | D:3      | Reached skill level 8 in Long Blades
  2392 | D:3      | Found a white marble altar of Elyvilon.
  2489 | D:3      | Noticed a hippogriff
  2498 | D:3      | Killed a hippogriff
  2498 | D:3      | Reached skill level 9 in Long Blades
  3033 | D:4      | Reached XP level 7. HP: 57/57 MP: 6/6
  3196 | D:4      | Found a basalt altar of Yredelemnul.
  3199 | D:4      | Reached skill level 10 in Long Blades
  3349 | D:4      | You fall through a shaft!
  3349 | D:5      | Entered Level 5 of the Dungeon
  3727 | D:4      | Found an opulent altar of Gozag.
  3907 | D:5      | Found a glowing golden altar of the Shining One.
  3910 | D:5      | Found a blossoming altar of Fedhas.
  3912 | D:5      | Became a worshipper of the Shining One
  3914 | D:5      | Found a shimmering altar of Xom.
  3915 | D:5      | Found a deep blue altar of Sif Muna.
  3915 | D:5      | Found a stormy altar of Qazlal.
  3915 | D:5      | Found a shadowy altar of Dithmenos.
  3917 | D:5      | Found a snail-covered altar of Cheibriados.
  3920 | D:5      | Found an oddly glowing altar of Pakellas.
  3959 | D:5      | Noticed Grinder
  3963 | D:5      | Paralysed by Grinder for 7 turns
  3973 | D:5      | Paralysed by Grinder for 6 turns
  4014 | D:5      | Killed from afar by Grinder

Skill      XL: |  1  2  3  4  5  6  7 |
---------------+----------------------+-----
Long Blades    | 3 4 5 6 7 9 10 | 10.9
Fighting       | |  3.6
Armour         | |  3.6
Shields        | |  3.6

Action                   |  1- 3 |  4- 6 |  7- 9 || total
-------------------------+-------+-------+-------++-------
Melee: Long sword        |    97 |    35 |       ||   132
       Headbutt          |    10 |    17 |     9 ||    36
       Scimitar          |       |    85 |    76 ||   161
Evoke: Wand              |       |       |     2 ||     2
  Eat: Chunk             |     1 |     6 |     3 ||    10
Armor: Scale mail        |    43 |    28 |       ||    71
       Chain mail        |       |    16 |    19 ||    35
Dodge: Dodged            |    42 |    38 |    20 ||   100
Block: Shield            |    36 |    45 |    25 ||   106
